 Dungeon Crawl Stone Soup version 0.19-b1-5-gdc9fa9d (webtiles) character file.

118 DakAttack the Poker (level 4, -2/38 HPs)
             Began as a Draconian Gladiator on Oct 31, 2016.
             Slain by Theed's ghost (8 damage)
             ... on level 3 of the Dungeon.
             The game lasted 00:03:04 (2626 turns).

DakAttack the Poker (Draconian Gladiator)           Turns: 2626, Time: 00:03:05

Health: -2/38      AC:  7    Str: 18    XL:     4   Next: 72%
Magic:  4/4        EV: 13    Int:  8    God:
Gold:   139        SH:  0    Dex: 12    Spells: 0 memorised, 3 levels left

rFire  . . .     SeeInvis .     a - +0 trident
rCold  . . .     Gourm    .     (armour unavailable)
rNeg   . . .     Faith    .     (no shield)
rPois  +         Spirit   .     b - +0 hat
rElec  .         Reflect  .     (no cloak)
rCorr  .         Harm     .     (no gloves)
MR     .....                    g - +1 pair of boots {run}
Stlth  +.........               (no amulet)
                                (no ring)
                                p - ring of poison resistance

@: quick
A: unfitting armour, cold-blooded, AC +5
a: no special abilities


You were on level 3 of the Dungeon.
You were hungry.

You visited 1 branch of the dungeon, and saw 3 of its levels.

You collected 139 gold pieces.

Inventory:

Hand Weapons
 a - a +0 trident (weapon)
Missiles
 c - 3 throwing nets (quivered)
Armour
 b - a +0 hat (worn)
 g - a +1 pair of boots of running (worn)
Jewellery
 p - a ring of poison resistance (left hand)
 q - an uncursed ring of stealth {unknown}
Scrolls
 l - 4 scrolls of remove curse
Potions
 e - a potion of might {unknown}
 m - a potion of mutation {unknown}
 n - a potion of flight {unknown}
 o - a potion of degeneration {unknown}
Comestibles
 d - 2 bread rations
 f - a beef jerky
 h - 2 meat rations
 j - a royal jelly


   Skills:
 + Level 3.2 Fighting
 + Level 4.2 Polearms
 - Level 1.7 Throwing
 + Level 3.6 Dodging


You had 3 spell levels left.
You didn't know any spells.

Dungeon Overview and Level Annotations

Branches:
Dungeon (3/15)

Altars:

Annotations:
D:3 Theed's ghost, amateur MiFi


Innate Abilities, Weirdness & Mutations

Your plain brown scales are hard. (AC +5)
You cannot fit into any form of body armour.
You are cold-blooded and may be slowed by cold attacks.


Message History

Theed's ghost hits you!
You closely miss Theed's ghost.
Theed's ghost is heavily damaged.
Theed's ghost hits you!
You completely miss Theed's ghost.
Theed's ghost is heavily damaged.
Theed's ghost completely misses you. Theed's ghost misses you.
You hit Theed's ghost.
Theed's ghost is severely damaged.
You are feeling hungry.
Theed's ghost hits you!
* * * LOW HITPOINT WARNING * * *
You are too injured to fight recklessly!
You are too injured to fight recklessly!
You are too injured to fight recklessly!
You are too injured to fight recklessly!
You barely miss Theed's ghost.
Your tail-slap misses Theed's ghost.
Theed's ghost is severely damaged.
Theed's ghost hits you!
You die...

#.# *,,* #†#########.#. ##.##
*,.#########.#########.#. ....#
*,.........).........#.#<
....#####,........##)#######.#.##
........',........##.# #####.#.#.
........#,........##.###...#.#.#.
........#*##########.......'.#.#.
.......§################...###.#.
.......§§......W@......'...'...#.
.......§################...#####.
........# #...<..... ........#
#########. ######### #. #. ## # #


You could see Theed's ghost.

Vanquished Creatures
  4 adders
  2 worms (D:3)
  4 dart slugs
  7 orcs (D:3)
  2 giant cockroaches
  12 goblins
  5 hobgoblins
  2 jackals (D:3)
  A ball python (D:3)
  5 bats
  2 frilled lizards
  9 kobolds
  7 rats
62 creatures vanquished.

Notes
Turn   | Place    | Note
-------+----------+-------------------------------------------
     0 | D:1      | DakAttack the Draconian Gladiator began the quest for the Orb.
     0 | D:1      | Reached XP level 1. HP: 17/17 MP: 1/1
   307 | D:1      | Reached XP level 2. HP: 25/25 MP: 2/2
   908 | D:2      | Reached XP level 3. HP: 14/30 MP: 3/3
  1278 | D:2      | Identified a +1 pair of boots of running (You found it on level 2 of the Dungeon)
  1886 | D:3      | Reached XP level 4. HP: 37/37 MP: 4/4
  1939 | D:3      | Reached skill level 4 in Polearms
  2602 | D:3      | Noticed Theed's ghost (amateur MiFi)
  2626 | D:3      | Slain by Theed's ghost

Skill      XL: |  1  2  3  4 |
---------------+-------------+-----
Dodging        | 3 |  3.6
Polearms       | 4 |  4.2
Fighting       | 3 |  3.2
Throwing       | |  1.7

Action                   |  1- 3 |  4- 6 || total
-------------------------+-------+-------++-------
Melee: Trident           |   120 |   100 ||   220
       Tailslap          |    16 |     9 ||    25
  Use: Scroll            |     2 |     4 ||     6
       Potion            |       |     5 ||     5
 Stab: Sleeping          |       |     2 ||     2
  Eat: Chunk             |     3 |     2 ||     5
Armor: Skin              |    18 |    15 ||    33
Dodge: Dodged            |    60 |    59 ||   119
